 Dungeon Crawl Stone Soup version 0.24.0-123-gd5b16e6ec5 (webtiles) character file.

Game seed: 2338414586443595208, levelgen mode: deterministic

4935 Norian the Thaumaturge (level 10, -8/84 HPs)
             Began as a Deep Elf Conjurer on Dec 20, 2019.
             Was a Priest of Vehumet.
             Mangled by an orc knight
             ... wielding a +0 halberd
              (30 damage)
             ... in a bailey.
             The game lasted 00:19:46 (7568 turns).

Norian the Thaumaturge (Deep Elf Conjurer)          Turns: 7568, Time: 00:19:46

Health: -8/84      AC:  5    Str: 13    XL:     10   Next: 27%
Magic:  9/27       EV: 17    Int: 28    God:    Vehumet [***...]
Gold:   498        SH:  0    Dex: 18    Spells: 23/32 levels left

rFire    . . .     SeeInvis .   r - +8 whip of Evisceration {venom, *Slow rC+ Int+7 Dex+3}
rCold    + . .     Gourm    .   (no shield)
rNeg     . . .     Faith    .   a - +0 robe
rPois    .         Spirit   .   p - +1 helmet
rElec    .         Reflect  .   (no cloak)
rCorr    .         Harm     .   (no gloves)
MR       +....                  t - +0 pair of boots
Stlth    ..........             (no amulet)
HPRegen  0.24/turn              (no ring)
MPRegen  0.20/turn              (no ring)

@: berserking, very quick
A: no striking features
a: Renounce Religion


You were in a bailey.
You worshipped Vehumet.
Vehumet was most pleased with you.
You were not hungry.

You visited 2 branches of the dungeon, and saw 9 of its levels.
You also visited: Bailey.

You collected 498 gold pieces.

Inventory:

Hand Weapons
 j - a +2 short sword of venom
 r - the +8 whip of Evisceration (weapon) {venom, *Slow rC+ Int+7 Dex+3}
   (You found it on level 6 of the Dungeon)

   It poisons the flesh of those it strikes.
   It affects your intelligence (+7).
   It affects your dexterity (+3).
   It protects you from cold.
   It may slow you when you take damage.
Armour
 a - a +0 robe (worn)
 p - a +1 helmet (worn)
 t - a +0 pair of boots (worn)
Magical Staves
 n - an uncursed staff of fire
Wands
 k - a wand of enslavement (10)
 m - a wand of polymorph (10)
 s - a wand of digging (5)
Scrolls
 b - a scroll of magic mapping
 e - 5 scrolls of identify
 h - a scroll of remove curse
 o - a scroll of random uselessness {unknown}
 v - 3 scrolls of immolation
 C - a scroll of noise {unknown}
 E - a scroll of summoning {unknown}
Potions
 d - 2 potions of haste {unknown}
 f - 6 potions of curing {unknown}
 i - 3 potions of magic {unknown}
 l - a potion of cancellation {unknown}
 q - a potion of agility {unknown}
 u - 3 potions of berserk rage
 w - a potion of mutation {unknown}
 x - a potion of flight {unknown}
 z - a potion of brilliance {unknown}
 A - 2 potions of heal wounds
 B - a potion of degeneration {unknown}
 D - a potion of experience {unknown}
Comestibles
 c - 11 rations


   Skills:
 - Level 3.0 Fighting
 + Level 0.6 Armour
 - Level 7.3 Dodging
 - Level 2.4 Stealth
 + Level 11.9 Spellcasting
 + Level 10.7 Conjurations
 - Level 5.2 Hexes


You had 23 spell levels left.
You knew the following spells:

 Your Spells              Type           Power        Failure   Level  Hunger
a - Magic Dart            Conj           ####         1%          1    None
b - Iskenderun's Mystic   Conj           ######..     1%          4    None
c - Fulminant Prism       Conj/Hex       ######....   1%          4    None

Your spell library contained the following spells:

 Spells                   Type           Power        Failure   Level  Hunger
 Stone Arrow              Conj/Erth      #####.       1%          3    None
 Searing Ray              Conj           ######       1%          2    None
 Dazzling Spray           Conj/Hex       ######       1%          3    None
 Force Lance              Conj/Tloc      #####...     1%          4    None
 Summon Small Mammal      Summ           ###.         3%          1    None
 Summon Guardian Golem    Hex/Summ       ####....     3%          3    None
 Call Imp                 Summ           ###.....     4%          2    None
 Call Canine Familiar     Summ           ###.....     10%         3    None
 Summon Ice Beast         Ice/Summ       ###.....     32%         4    None
 Summon Lightning Spire   Summ/Air       ###.....     32%         4    None


Dungeon Overview and Level Annotations

Branches:
Dungeon (8/15)             Temple (1/1) D:5          Bailey (1/1)
   Lair: D:8-11

Altars:
Ashenzari
Cheibriados
Dithmenos
Fedhas
Gozag
Hepliaklqana
Kikubaaqudgha
Nemelex Xobeh
Ru
Sif Muna
Trog
Uskayaw
Vehumet
Wu Jian
Xom
Yredelemnul
The Shining One

Shops:
D:4 [   D:8 *


Message History

Aim: an orc knight, wielding a +0 halberd and wearing a +0 plate armour (moderately wounded, chance to defeat MR: 28%)
The orc knight easily resists.
The orc knight hits you with a +0 halberd!
Evoke which item? (* to show all) (? for menu, Esc to quit)
Aiming: Enslavement
Press: ? - help, Shift-Dir - straight line, f/p - orc knight
Aim: an orc knight, wielding a +0 halberd and wearing a +0 plate armour (moderately wounded, chance to defeat MR: 28%)
The orc knight easily resists.
The orc knight hits you with a +0 halberd!
The orc knight hits you with a +0 halberd!
* * * LOW HITPOINT WARNING * * *
There is a gate leading back out of this place here.
Casting: Iskenderun's Mystic Blast (safe; 1% risk of failure)
Confirm with . or Enter, or press ? or * to list all spells.
Okay, then.
It was a potion of berserk rage.
A red film seems to cover your vision as you go berserk!
You feel yourself moving faster!
You feel mighty!
The orc knight hits you with a +0 halberd!!
You die...

# ############ ##
##.....)..@.##
.######.......)o...#
)#....#....).).....#
†'....'.).))).)...∩#
)#)...#...)))......#
.######.......)....#
## ##........∩.## #
############


You could see an orc knight.

Vanquished Creatures
  3 orc knights (Bailey)
  A hippogriff (D:8)
  11 orc warriors
  A sky beast (D:6)
  2 ogres
  3 ice beasts
  A phantom (D:4)
  A necrophage (D:5)
  2 centaurs
  2 bullfrogs
  A scorpion (D:7)
  6 killer bees (D:7)
  A bullfrog zombie (D:6)
  3 crimson imps
  2 orc priests (D:5)
  9 orc wizards
  A bullfrog skeleton (D:6)
  2 centaur skeletons
  Ijyb (D:3)
  2 iguanas
  5 worker ants
  6 adders
  A shadow imp (D:5)
  2 oozes (D:1)
  4 worms
  A dart slug (D:1)
  6 leopard geckos
  47 orcs
  7 giant cockroaches
  11 goblins
  9 hobgoblins
  11 jackals
  3 quokkas
  4 ball pythons
  5 bats
  9 frilled lizards
  A jackal skeleton (D:4)
  10 kobolds
  A quokka zombie (D:7)
  10 rats
208 creatures vanquished.

Vanquished Creatures (collateral kills)
  An orc knight (Bailey)
1 creature vanquished.

Vanquished Creatures (others)
  43 fulminant prisms
43 creatures vanquished.

Grand Total: 252 creatures vanquished

Notes
Turn   | Place    | Note
-------+----------+-------------------------------------------
     0 | D:1      | Norian the Deep Elf Conjurer began the quest for the Orb.
     0 | D:1      | Reached XP level 1. HP: 10/10 MP: 6/6
   289 | D:1      | Reached XP level 2. HP: 15/15 MP: 4/8
   550 | D:1      | Reached skill level 4 in Spellcasting
   651 | D:1      | Reached XP level 3. HP: 19/19 MP: 5/10
   670 | D:1      | Reached skill level 5 in Conjurations
  1171 | D:2      | Found a sparkling altar of Nemelex Xobeh.
  1747 | D:2      | Reached XP level 4. HP: 24/24 MP: 7/12
  1759 | D:2      | Learned a level 4 spell: Iskenderun's Mystic Blast
  1764 | D:2      | Learned a level 4 spell: Fulminant Prism
  1889 | D:3      | Reached skill level 5 in Spellcasting
  1916 | D:3      | HP: 1/24 [poisoned by a worker ant]
  2347 | D:3      | Noticed Ijyb
  2356 | D:3      | Killed Ijyb
  2356 | D:3      | Reached XP level 5. HP: 16/28 MP: 0/14
  2511 | D:3      | Found a shattered altar of Ashenzari.
  2557 | D:3      | Reached skill level 1 in Hexes
  3003 | D:3      | Found a faded altar of an unknown god.
  3023 | D:3      | Found a glowing golden altar of the Shining One.
  3175 | D:4      | Found Mity's Armour Shop.
  3175 | D:4      | Noticed a phantom
  3184 | D:4      | Killed a phantom
  3184 | D:4      | Reached skill level 6 in Spellcasting
  3184 | D:4      | Reached XP level 6. HP: 30/32 MP: 0/17
  3951 | D:5      | Entered Level 5 of the Dungeon
  3958 | D:5      | Reached XP level 7. HP: 31/36 MP: 11/19
  3999 | D:5      | Found a staircase to the Ecumenical Temple.
  4008 | Temple   | Entered the Ecumenical Temple
  4148 | Temple   | Became a worshipper of Vehumet
  4300 | D:5      | Reached skill level 7 in Spellcasting
  4761 | D:6      | Found an ornate altar of the Wu Jian Council.
  4766 | D:6      | Reached skill level 5 in Hexes
  4799 | D:6      | Got a scorched whip
  4800 | D:6      | Identified the +8 whip of Evisceration {venom, *Slow rC+
                  | Int+7 Dex+3} (You found it on level 6 of the Dungeon)
  4890 | D:6      | Reached skill level 8 in Spellcasting
  4949 | D:6      | Reached XP level 8. HP: 35/41 MP: 1/22
  5061 | D:6      | Found an opulent altar of Gozag.
  5291 | D:5      | Reached * piety under Vehumet
  5291 | D:5      | Offered knowledge of Shock by Vehumet.
  5726 | D:5      | Found a shadowy altar of Dithmenos.
  5726 | D:5      | Found an ancient bone altar of Kikubaaqudgha.
  6182 | D:6      | Reached skill level 9 in Spellcasting
  6420 | D:7      | Reached skill level 5 in Dodging
  6636 | D:7      | Reached XP level 9. HP: 45/45 MP: 6/24
  6949 | D:7      | Got an ancient quarterstaff
  6950 | D:7      | Identified the +1 quarterstaff "Irevun Ewav" {freeze, rN+
                  | Str-5 Int+4 Stlth+} (You found it on level 7 of the
                  | Dungeon)
  7061 | D:8      | Found a sacrificial altar of Ru.
  7069 | D:8      | Offered knowledge of Throw Flame by Vehumet.
  7073 | D:8      | Reached ** piety under Vehumet
  7073 | D:8      | Reached skill level 10 in Spellcasting
  7261 | D:8      | Found Peplack's Assorted Antiques.
  7272 | D:8      | Found a flagged portal.
  7302 | Bailey   | Entered a bailey
  7391 | Bailey   | Offered knowledge of Stone Arrow by Vehumet.
  7442 | Bailey   | Noticed an orc knight
  7443 | Bailey   | Noticed an orc knight
  7449 | Bailey   | Reached skill level 1 in Fighting
  7449 | Bailey   | Reached *** piety under Vehumet
  7449 | Bailey   | Reached skill level 11 in Spellcasting
  7449 | Bailey   | Reached skill level 10 in Conjurations
  7458 | Bailey   | Killed an orc knight
  7458 | Bailey   | Killed an orc knight
  7458 | Bailey   | Reached XP level 10. HP: 54/54 MP: 8/27
  7474 | Bailey   | Noticed an orc knight
  7514 | Bailey   | Noticed an orc knight
  7518 | Bailey   | Killed an orc knight
  7533 | Bailey   | Noticed an orc knight
  7547 | Bailey   | Killed an orc knight
  7568 | Bailey   | Mangled by an orc knight

Levels and vault maps discovered:
D:1:      dpeg_cavernosity, layout_basic
D:2:      layout_basic, nemelex_xobeh_ov_fountains_minmay
D:3:      layout_basic, lemuel_doored_altar, lemuel_crystal_altar,
          chequers_ecumenical_altar_simple_redux, minmay_between, uniq_ijyb
D:4:      layout_gridville, serial_shops, shop
D:5:      layout_loops_corners, gammafunk_temple_overflow_elements,
          minmay_temple_entry_junction, first_ration
D:6:      layout_gridville, nicolae_overflow_crystal_walls,
          grunt_gozag_breadcrumbs
D:7:      layout_rooms
D:8:      layout_basic, nicolae_ru_awakened_eye, enter_bailey_3, serial_shops,
          nicolae_shop_overgrown_old_shop, shop, kennysheep_little_box, shop,
          blue_anna_alchemist [blue_anna_fruit_fields, blue_anna_fruit_fields]
Temple:   minmay_temple_curvy_loop
Bailey:   bailey_polearm_5, bailey

Skill      XL: |  1  2  3  4  5  6  7  8  9 10 |
---------------+-------------------------------+-----
Spellcasting   | 4 5 6 8 9 11 | 11.9
Conjurations   | 5 6 7 9 10 | 10.7
Hexes          | 2 3 5 |  5.2
Dodging        | 3 5 7 |  7.3
Fighting       | 2 3 |  3.0
Armour         | |  0.6
Stealth        | |  2.4

Action                   |  1- 3 |  4- 6 |  7- 9 | 10-12 || total
-------------------------+-------+-------+-------+-------++-------
Melee: Unarmed           |     4 |       |       |       ||     4
       Short sword       |     3 |    29 |     5 |       ||    37
       Whip              |       |       |    26 |       ||    26
 Cast: Magic Dart        |    86 |    82 |    99 |     1 ||   268
       Iskenderun's Myst |       |    11 |    20 |     2 ||    33
       Fulminant Prism   |       |     6 |    34 |     3 ||    43
Evoke: Wand              |       |       |       |    11 ||    11
  Use: Potion            |       |       |     1 |     1 ||     2
       Scroll            |       |       |     6 |       ||     6
  Eat: Chunk             |     2 |     2 |    10 |       ||    14
       Ration            |       |     2 |     1 |       ||     3
Armor: Robe              |     5 |     5 |     4 |       ||    14
Dodge: Dodged            |     9 |    34 |    40 |     3 ||    86
